 Dungeon Crawl Stone Soup version 0.17.0-28-g6e173f8 (webtiles) character file.

1753 dohliylev the Covert (level 8, 0/53 HPs)
             Began as a Vampire Venom Mage on Nov 25, 2015.
             Was an Initiate of Dithmenos.
             Hit by a stone thrown by a crimson imp (3 damage)
             ... on level 6 of the Dungeon.
             The game lasted 01:36:21 (8019 turns).

dohliylev the Covert (Vampire Venom Mage)           Turns: 8019, Time: 01:36:22

Health: 0/53       AC:  4    Str:  7      XL:     8   Next: 78%
Magic:  12/14      EV: 13    Int: 20      God:    Dithmenos [......]
Gold:   257        SH:  0    Dex: 13 (17) Spells: 5 memorised, 2 levels left

rFire  . . .     SeeInvis +     i - +0 dagger
rCold  . . .     Clarity  .     a - +0 robe
rNeg   . . .     SustAt   .     (no shield)
rPois  .         Gourm    .     (no helmet)
rElec  .         Spirit   .     y - +0 cloak
rCorr  .         Warding  .     s - +0 pair of gloves
rMut   .         Stasis   .     (no boots)
MR     .....                    (no amulet)
Stlth  +++++.....               (no ring)
                                k - +3 ring of dexterity

@: regenerating quickly, not resistant to hostile enchantments, quite stealthy
A: fangs 3, see invisible, blink, low mp 1, unbreathing, no device heal 1
a: Blink, Renounce Religion


You were on level 6 of the Dungeon.
You worshipped Dithmenos.
Dithmenos was noncommittal.
You were full.

You visited 2 branches of the dungeon, and saw 8 of its levels.

You collected 257 gold pieces.

Inventory:

Hand Weapons
 i - a +0 dagger (weapon)
Missiles
 e - 29 poisoned needles
 x - 2 throwing nets (quivered)
Armour
 a - a +0 robe (worn)
 s - a +0 pair of gloves (worn)
 y - a +0 cloak (worn)
Jewellery
 k - a +3 ring of dexterity (left hand)
Wands
 j - a wand of fireball (0)
 q - a wand of teleportation (0)
Scrolls
 g - 3 scrolls of enchant armour
 h - a scroll of recharging
 l - a scroll of remove curse
 m - a scroll of fog
 n - 3 scrolls of enchant weapon
 o - a scroll of fear {unknown}
 r - a scroll of immolation {unknown}
 t - 2 scrolls of magic mapping {unknown}
 w - a scroll of random uselessness {unknown}
Potions
 c - 2 potions of blood
 d - 3 potions of heal wounds {unknown}
 f - a potion of flight
 p - a potion of might
 v - 2 potions of resistance {unknown}
Books
 b - a Young Poisoner's Handbook

   Spells                             Type                      Level
   a - Sting                          Conjuration/Poison           1
   b - Cure Poison                    Poison                       2
   c - Mephitic Cloud                 Conjuration/Poison/Air       3
   d - Olgreb's Toxic Radiance        Poison                       4
   e - Venom Bolt                     Conjuration/Poison           5
 z - a book of Death

   Spells                             Type                      Level
   a - Corpse Rot                     Necromancy                   2
   b - Sublimation of Blood           Necromancy                   2
   c - Agony                          Necromancy                   5
   d - Dispel Undead                  Necromancy                   5
   e - Excruciating Wounds            Charms/Necromancy            5
   f - Bolt of Draining               Conjuration/Necromancy       5


   Skills:
 + Level 0.8 Fighting
 + Level 0.7 Short Blades
 + Level 3.8 Dodging
 * Level 10.1 Stealth
 + Level 5.1 Spellcasting
 + Level 3.0 Conjurations
 + Level 1.8 Air Magic
 + Level 5.5 Poison Magic
 + Level 1.9 Evocations


You had 2 spell levels left.
You knew the following spells:

 Your Spells              Type           Power        Failure   Level  Hunger
a - Sting                 Conj/Pois      ###.         1%          1    None
b - Mephitic Cloud        Conj/Pois/Air  ###.....     10%         3    ##.....
c - Olgreb's Toxic Radia  Pois           ####....     14%         4    ####...
d - Agony                 Necr           #.......     100%        5    #####..
e - Corpse Rot            Necr           N/A          21%         2    None


Dungeon Overview and Level Annotations

Branches:
Dungeon (7/15)             Temple (1/1) D:5

Altars:
Ashenzari
Cheibriados
Dithmenos
Elyvilon
Gozag
Makhleb
Nemelex Xobeh
Okawaru
Qazlal
Ru
Sif Muna
Trog
Vehumet
Xom
Yredelemnul
Zin
The Shining One

Shops:
D:5 %   D:7 }


Innate Abilities, Weirdness & Mutations

Your natural rate of healing is unusually fast.
You have razor-sharp teeth.
You have supernaturally acute eyesight.
You can survive without breathing.
You can translocate small distances at will.
Your magical capacity is low (-10% MP).
Potions and wands are less effective at restoring your health.


Message History

You see here a falchion.
Drink which item? (? for menu, Esc to quit)
Yummy - fresh blood!
You are feeling very thirsty.
The crimson imp throws a stone.
The stone closely misses you.
Drink which item? (? for menu, Esc to quit)
Yummy - fresh blood!
The crimson imp throws a stone.
The stone hits you but does no damage.
Drink which item? (? for menu, Esc to quit)
Yummy - fresh blood!
The crimson imp throws a stone.
The stone misses you.
Drink which item? (? for menu, Esc to quit)
Yummy - fresh blood!
The crimson imp blinks!
Drink which item? (? for menu, Esc to quit)
Yummy - fresh blood!
The crimson imp throws a stone.
The stone misses you.
Drink which item? (? for menu, Esc to quit)
Yummy - fresh blood!
The crimson imp throws a stone.
The stone hits you but does no damage.
Drink which item? (? for menu, Esc to quit)
Yummy - fresh blood!
The crimson imp throws a stone.
The stone hits you.
You die...

######.## #........#......#
#......# #)..####.........
#.####.# #...# #...#..#..
###.####.# #...# ##[.......
.......#.# #...# #.......#
.##.##.#.# ######..[#####.......#
.##.##.#.###.5..[...)....#.#.##.#
....##...........................
.#####.#.###<...@........#.#.##.#
.#####.#.# ######.)(######.#.##.#
.........# #..<# #......#
#######.## ##...### ###.#### ##
#.# #......# #.# .# #.# #.)>.#.#
#.# .# ###.########.#.##.######.#
.####...[..[#..............#
........##..#......##.#.##.#


You could see a crimson imp.

Vanquished Creatures
  The ghost of UnlimitedFusion the Ducker, an amateur NaTm (D:4)
  Menkaure (D:4)
  Purgy (D:4)
  A black bear (D:6)
  A sky beast (D:5)
  5 giant frogs
  A gnoll sergeant (D:6)
  2 scorpions
  2 crimson imps
  A quasit (D:5)
  6 orc wizards
  An orc priest (D:5)
  A jelly (D:6)
  A giant frog skeleton (D:6)
  2 iguanas (D:4)
  A hound skeleton (D:4)
  A hound zombie (D:6)
  6 gnolls (D:6)
  7 adders
  2 shadow imps (D:6)
  2 adder skeletons
  3 worms
  17 orcs
  5 giant cockroaches
  5 goblins
  10 hobgoblins
  9 jackals
  2 quokkas (D:6)
  2 ball pythons
  6 bats
  5 giant geckos
  4 giant newts (D:1)
  A jackal skeleton (D:7)
  6 kobolds
  3 quokka skeletons
  5 rats
129 creatures vanquished.

Notes
Turn   | Place    | Note
--------------------------------------------------------------
     0 | D:1      | dohliylev the Vampire Venom Mage began the quest for the Orb.
     0 | D:1      | Reached XP level 1. HP: 13/13 MP: 3/3
   175 | D:1      | Reached XP level 2. HP: 11/19 MP: 0/5
   745 | D:2      | Reached skill level 4 in Poison Magic
   745 | D:2      | Reached XP level 3. HP: 24/24 MP: 6/6
   888 | D:2      | Found a radiant altar of Vehumet.
  1169 | D:2      | Found a deep blue altar of Sif Muna.
  1325 | D:3      | Found a glowing silver altar of Zin.
  1326 | D:3      | Found a glowing golden altar of the Shining One.
  1327 | D:3      | Found a white marble altar of Elyvilon.
  1511 | D:3      | Reached XP level 4. HP: 13/30 MP: 7/7
  1677 | D:3      | Learned a level 3 spell: Mephitic Cloud
  1682 | D:3      | Learned a level 4 spell: Olgreb's Toxic Radiance
  2320 | D:4      | Reached skill level 1 in Conjurations
  2509 | D:4      | Noticed UnlimitedFusion's ghost (amateur NaTm)
  2550 | D:4      | Reached skill level 5 in Stealth
  2550 | D:4      | Reached XP level 5. HP: 36/36 MP: 9/9
  2688 | D:4      | Killed UnlimitedFusion's ghost
  2688 | D:4      | Reached skill level 7 in Stealth
  2688 | D:4      | Reached XP level 6. HP: 42/42 MP: 10/10
  2732 | D:4      | Noticed Menkaure
  2734 | D:4      | Killed Menkaure
  2734 | D:4      | Reached skill level 1 in Evocations
  2734 | D:4      | Reached XP level 7. HP: 47/47 MP: 11/11
  2761 | D:4      | Noticed Purgy
  2788 | D:4      | Killed Purgy
  2788 | D:4      | Reached skill level 8 in Stealth
  2788 | D:4      | Reached skill level 1 in Air Magic
  2972 | D:4      | Found a shattered altar of Ashenzari.
  3148 | D:5      | Entered Level 5 of the Dungeon
  3342 | D:5      | Found Erefuic's Food Emporium.
  3827 | D:5      | Found a staircase to the Ecumenical Temple.
  3849 | Temple   | Entered the Ecumenical Temple
  4151 | Temple   | Became a worshipper of Dithmenos the Shadowed
  5392 | D:6      | Reached skill level 9 in Stealth
  5395 | D:6      | Reached XP level 8. HP: 36/53 MP: 1/14
  5488 | D:6      | Reached skill level 5 in Poison Magic
  6291 | D:6      | HP: 2/53 [poisoned by you (toxic radiance)]
  6306 | D:6      | HP: 2/53 [poisoned by you (toxic radiance)]
  6312 | D:6      | HP: 1/53 [poisoned by you (toxic radiance)]
  7523 | D:7      | Found Sise Ofenuq's Gadget Shop.
  7589 | D:7      | Reached skill level 5 in Spellcasting
  7624 | D:7      | Reached skill level 10 in Stealth
  7642 | D:7      | Learned a level 5 spell: Agony
  7809 | D:6      | Learned a level 2 spell: Corpse Rot
  7947 | D:5      | Gained mutation: You can translocate small distances at will. [potion of mutation]
  7947 | D:5      | Gained mutation: Your magical capacity is low (-10% MP). [potion of mutation]
  7947 | D:5      | Gained mutation: Potions and wands are less effective at restoring your health. [potion of mutation]
  7950 | D:5      | HP: 1/53 [quasit (2)]
  8019 | D:6      | Hit by a stone thrown by a crimson imp

Action                   |  1- 3 |  4- 6 |  7- 9 || total
-------------------------+-------+-------+-------++-------
Melee: Unarmed           |     6 |       |       ||     6
       Dagger            |    42 |    20 |   144 ||   206
 Cast: Sting             |    60 |    25 |   111 ||   196
       Mephitic Cloud    |       |     2 |    25 ||    27
       Olgreb's Toxic Ra |       |     1 |    18 ||    19
       Corpse Rot        |       |       |     3 ||     3
 Abil: End Transformatio |       |       |    15 ||    15
       Bat Form          |       |       |    15 ||    15
Evoke: Wand              |       |    13 |     6 ||    19
  Use: Scroll            |       |     8 |     3 ||    11
       Potion            |       |       |    12 ||    12
 Stab: Sleeping          |    10 |    12 |    10 ||    32
       Distracted        |       |       |     1 ||     1
